 Dungeon Crawl Stone Soup version 0.17-a0-1485-g22cb0ee (webtiles) character file.

2303 licio the Grappler (level 9, -3/80 HPs)
             Began as a Troll Monk on July 5, 2015.
             Was an Elder of Nemelex Xobeh.
             Slain by an unseen horror (10 damage)
             ... on level 8 of the Dungeon.
             The game lasted 00:05:59 (3369 turns).

licio the Grappler (Troll Monk)                     Turns: 3369, Time: 00:05:59

Health: -3/80      AC:  6    Str: 23    XL:     9   Next: 18%
Magic:  11/11      EV: 10    Int:  7    God:    Nemelex Xobeh [****..]
Gold:   215        SH:  0    Dex: 12    Spells: 1 memorised, 2 levels left

rFire  . . .     SeeInvis .       - Unarmed
rCold  . . .     Clarity  .     l - +0 robe {MR+}
rNeg   . . .     SustAt   .     (no shield)
rPois  +         Gourm    +     (helmet restricted)
rElec  .         Spirit   .     w - +0 cloak
rCorr  +         Warding  .     (gloves unavailable)
rMut   .         Stasis   .     (boots unavailable)
MR     +....                    a - amulet of resist corrosion
Stlth  +.........               (no ring)
                                u - ring of poison resistance

@: somewhat resistant to hostile enchantments, very unstealthy
A: unfitting armour, claws 3, fast metabolism 3, gourmand, regeneration 2,
shaggy fur 1, tough skin 2
a: Triple Draw, Deal Four, Renounce Religion


You were on level 8 of the Dungeon.
You worshipped Nemelex Xobeh.
Nemelex Xobeh was greatly pleased with you.
You were completely stuffed.

You visited 1 branch of the dungeon, and saw 8 of its levels.

You collected 215 gold pieces.

Inventory:

Hand weapons
 s - a cursed -3 giant club
Armour
 l - a +0 robe of magic resistance (worn)
 w - a +0 cloak (worn)
Jewellery
 a - an amulet of resist corrosion (around neck)
 u - a ring of poison resistance (left claw)
 H - a cursed -3 ring of evasion {unknown}
Magical devices
 x - a wand of flame (27)
 D - a wand of confusion (18)
 K - a wand of cold (7)
Scrolls
 d - a scroll of blinking {unknown}
 e - a scroll of enchant armour {unknown}
 f - 4 scrolls of remove curse
 g - 4 scrolls of identify
 i - 2 scrolls of enchant weapon {unknown}
 n - 2 scrolls of noise {unknown}
 p - a scroll of immolation {unknown}
 r - 5 scrolls of amnesia
 J - a scroll of random uselessness {unknown}
Potions
 c - 2 potions of flight
 o - a potion of magic {unknown}
 t - a potion of invisibility {unknown}
 z - 3 potions of curing
 C - a potion of ambrosia {unknown}
 E - a potion of might
 F - a potion of brilliance {unknown}
Books
 v - a book of Transfigurations

   Spells                             Type                      Level
   a - Stoneskin                      Transmutation/Earth          2
   b - Irradiate                      Conjuration/Transmutation    5
   c - Statue Form                    Transmutation/Earth          6
   d - Hydra Form                     Transmutation                6
   e - Dragon Form                    Transmutation                7
 G - a book of the Tempests

   Spells                             Type                      Level
   a - Static Discharge               Conjuration/Air              3
   b - Lightning Bolt                 Conjuration/Air              5
   c - Fireball                       Conjuration/Fire             5
   d - Tornado                        Air                          9
   e - Shatter                        Earth                        9
Miscellaneous
 h - a plain deck of destruction
 j - a legendary deck of war {drawn: 1}
 y - a plain deck of escape
 I - a plain deck of destruction
Comestibles
 b - 3 bread rations
 k - 2 beef jerkies
 m - 2 royal jellies
 q - 3 fruits
 A - 5 chunks of flesh
 B - 2 meat rations


   Skills:
 - Level 2.4 Fighting
 - Level 2.4 Dodging
 - Level 1.1 Stealth
 - Level 11.2 Unarmed Combat
 * Level 4.4 Evocations


You had 2 spell levels left.
You knew the following spells:

 Your Spells              Type           Power        Failure   Level  Hunger
a - Statue Form           Trmt/Erth      #........    100%        6    #######


Dungeon Overview and Level Annotations

Branches:
Dungeon (8/15)             Temple (0/1) D:6
   Lair: D:8-11

Altars:
Elyvilon
Gozag
Makhleb
Nemelex Xobeh
Xom


Innate Abilities, Weirdness & Mutations

You are too large for most types of armour.
You have claws for hands.
Your metabolism is lightning-fast.
You like to eat raw meat.
You heal very quickly.
You are covered in fur (AC +1).
You have very tough skin (AC +2).


Message History

* * * LOW HITPOINT WARNING * * *
You are too injured to fight recklessly!
You barely miss something. Something hits you.
* * * LOW HITPOINT WARNING * * *
You are too injured to fight recklessly!
You are too injured to fight recklessly!
You are too injured to fight recklessly!
Read which item? (? for menu, Esc to quit)
As you read the scroll labeled QEHOHINLAI, it crumbles to dust.
You feel blessed for a moment.
It was a scroll of remove curse.
Something hits you!
* * * LOW HITPOINT WARNING * * *
Read which item? (? for menu, Esc to quit)
As you read the scroll labeled EMNEOGA EZ BEI, it crumbles to dust.
It is a scroll of identify.
Identify which item? (\ to view known items) (? for menu, Esc to quit)
r - 5 scrolls of amnesia Something hits you!
You die...
Your body glows with a rainbow of weird colours and disappears.

########## .........####
######......#####
######...##......
....##.......########..#
....###.......##@.......
.....#.......))...%..)..
.....#........).........
.....#.........#..$.....
.............$.#........
...............#####...#
....##.........# .###
....##.........# #
###.#..........##


There were no monsters in sight!

Vanquished Creatures
  Pikel (D:5)
  A two-headed ogre (D:8)
  3 slaves (D:5)
  A black bear (D:4)
  A sky beast (D:6)
  2 phantoms
  2 centaurs (D:7)
  An ogre (D:5)
  2 giant frogs
  A water moccasin zombie (D:6)
  An orc priest (D:6)
  An orc wizard (D:6)
  A jelly (D:5)
  5 worker ants
  A giant frog skeleton (D:7)
  A gnoll shaman (D:7)
  5 hounds
  2 iguanas
  9 adders
  10 gnolls
  An adder skeleton (D:7)
  3 adder zombies
  A worm (D:5)
  5 orcs
  A ball python (D:5)
  A bat skeleton (D:3)
  3 goblins
  5 hobgoblins
  3 jackals (D:3)
  5 quokkas
  3 bats
  3 giant cockroaches
  3 giant geckos
  3 kobolds
  A quokka skeleton (D:8)
  6 rats
98 creatures vanquished.

Vanquished Creatures (collateral kills)
  Sigmund (D:3)
  A hobgoblin (D:3)
  3 rats (D:3)
5 creatures vanquished.

Vanquished Creatures (others)
  A bat (D:5)
1 creature vanquished.

Grand Total: 104 creatures vanquished

Notes
Turn   | Place    | Note
--------------------------------------------------------------
     0 | D:1      | licio the Troll Monk began the quest for the Orb.
     0 | D:1      | Reached XP level 1. HP: 22/22 MP: 0/0
   459 | D:2      | Reached XP level 2. HP: 29/29 MP: 1/1
   505 | D:2      | Reached skill level 5 in Unarmed Combat
   505 | D:2      | Reached XP level 3. HP: 6/36 MP: 2/2
   612 | D:2      | Found a sparkling altar of Nemelex Xobeh.
   686 | D:2      | Became a worshipper of Nemelex Xobeh the Trickster
   686 | D:2      | Received a gift from Nemelex Xobeh
   686 | D:2      | Received a gift from Nemelex Xobeh
   729 | D:3      | Noticed Sigmund
   758 | D:3      | Killed Sigmund
   758 | D:3      | Reached skill level 6 in Unarmed Combat
   758 | D:3      | Reached XP level 4. HP: 19/44 MP: 3/3
   758 | D:3      | Reached XP level 5. HP: 21/50 MP: 4/4
   800 | D:3      | Received a gift from Nemelex Xobeh
   827 | D:4      | Noticed a phantom
   848 | D:4      | Killed a phantom
   848 | D:4      | Reached skill level 7 in Unarmed Combat
   878 | D:4      | Found a white marble altar of Elyvilon.
   883 | D:4      | Reached XP level 6. HP: 56/59 MP: 5/5
   946 | D:4      | Noticed a black bear
   952 | D:4      | Killed a black bear
  1056 | D:5      | Entered Level 5 of the Dungeon
  1096 | D:5      | Noticed Pikel
  1097 | D:5      | Reached skill level 8 in Unarmed Combat
  1111 | D:5      | Killed Pikel
  1111 | D:5      | Reached skill level 9 in Unarmed Combat
  1111 | D:5      | Reached XP level 7. HP: 13/66 MP: 6/6
  1546 | D:5      | Reached skill level 10 in Unarmed Combat
  1548 | D:5      | Reached XP level 8. HP: 69/74 MP: 7/7
  1956 | D:6      | Acquired Nemelex Xobeh's first power
  1975 | D:6      | Reached skill level 11 in Unarmed Combat
  2026 | D:6      | Found a burning altar of Makhleb.
  2234 | D:6      | Learned a level 6 spell: Statue Form
  2401 | D:6      | Found a staircase to the Ecumenical Temple.
  2475 | D:6      | Found an opulent altar of Gozag.
  2499 | D:6      | Received a gift from Nemelex Xobeh
  2542 | D:7      | Reached skill level 1 in Evocations
  2876 | D:7      | Found a shimmering altar of Xom.
  3139 | D:7      | Reached XP level 9. HP: 52/80 MP: 10/10
  3258 | D:8      | Acquired Nemelex Xobeh's second power
  3292 | D:8      | Received a gift from Nemelex Xobeh
  3369 | D:8      | Slain by an unseen horror

Vault maps used:
D:1:      scummos_arrival_forest, corexii_corridor_pit, minmay_door_square
D:2:      grunt_temple_overflow_open, nemelex_altar_shiori, uniq_jessica
D:3:      first_bread, uniq_sigmund
D:4:      black_bear_nest_2, elyvilon_altar_5, cheibriados_altar_wand_db,
          uniq_duvessa
D:5:      uniq_pikel
D:6:      bloody_makhleb, kennysheep_mini, minmay_temple_entry_metal_lava
D:7:      basic_altar, zaba_anthole
D:8:      uniq_grum

Action                   |  1- 3 |  4- 6 |  7- 9 || total
-------------------------+-------+-------+-------++-------
Melee: Unarmed           |    65 |    58 |   189 ||   312
Evoke: Deck              |     1 |     4 |       ||     5
  Use: Potion            |     1 |     2 |     1 ||     4
       Scroll            |       |       |     2 ||     2
 Stab: Distracted        |     1 |       |     1 ||     2
       Sleeping          |     1 |       |     1 ||     2
       Fleeing           |       |     1 |       ||     1
  Eat: Chunk             |     6 |     5 |    25 ||    36
